[ AOE2 MATCH · #506505457 ]
UnrankedJurchens vs Spanish
Player's team · WIN
Rival team · LOSS
[ REPLAY ANALYSIS · EXTRACTED FROM THE RECORDED GAME ]
Feudal
8:17
Castle
19:43
Imperial
38:14
| APM avg | 59.6 |
| APM peak | 92 |
| eAPM avg | 22.6 |
| Villagers / military | 156 / 157 |
Focus
⚔️ 33.8% · 🌾 66.2%
Skirmisher ×76 · Cavalry Archer ×51 · Scout Cavalry ×22 · Bombard Cannon ×3 · Trebuchet (Packed) ×3 · Monk ×2
Feudal
10:07
Castle
15:56
Imperial
41:25
| APM avg | 59.3 |
| APM peak | 132 |
| eAPM avg | 26.1 |
| Villagers / military | 144 / 82 |
Focus
⚔️ 46.1% · 🌾 53.9%
Conquistador ×53 · Scout Cavalry ×15 · Scorpion ×7 · Missionary ×4 · Mangonel ×2 · Bombard Cannon ×1
Match map
Initial resources + every placement click. Lines = walls · curves = elevation contours. ◆ gold · ⬟ stone · ● berries · ✦ relic · ◌ wall gap
Your base· Open — unwalled flank
北冥有鲲's base· Open — unwalled flank
Smoothed initial terrain · ◌ = detected wall gap · hover for details
Inputs per minute
— DK | Mauseren - - 北冥有鲲
Build order — DK | Mauseren
First 150 of 517 actions detected
| 0:10 | Create | Villager (Male) |
| 0:10 | Create | Villager (Male) |
| 0:11 | Create | Villager (Male) |
| 0:11 | Create | Villager (Male) |
| 0:14 | Research | Loom |
| 0:19 | Build | House |
| 0:20 | Build | House |
| 0:29 | Create | Villager (Male) |
| 0:37 | Create | Villager (Male) |
| 0:45 | Create | Villager (Male) |
| 1:00 | Create | Villager (Male) |
| 1:20 | Create | Villager (Male) |
| 1:39 | Create | Villager (Male) |
| 1:50 | Build | Palisade Wall |
| 2:06 | Create | Villager (Male) |
| 2:33 | Create | Villager (Male) |
| 2:55 | Build | Lumber Camp |
| 3:24 | Create | Villager (Male) |
| 3:29 | Build | House |
| 3:33 | Create | Villager (Male) |
| 3:39 | Create | Villager (Male) |
| 4:08 | Create | Villager (Male) |
| 4:17 | Build | House |
| 4:37 | Create | Villager (Male) |
| 4:41 | Build | House |
| 4:48 | Create | Villager (Male) |
| 5:29 | Build | Mill |
| 6:07 | Research | Feudal Age |
| 6:08 | Research | Feudal Age |
| 7:34 | Create | Villager (Male) |
| 7:43 | Build | Barracks |
| 8:17 | Age | Feudal Age |
| 8:27 | Create | Villager (Male) |
| 8:35 | Build | Stable |
| 9:03 | Create | Villager (Male) |
| 9:05 | Research | Double-Bit Axe |
| 9:06 | Create | Villager (Male) |
| 9:07 | Create | Scout Cavalry |
| 9:08 | Create | Scout Cavalry |
| 9:12 | Build | House |
| 9:12 | Create | Villager (Male) |
| 9:16 | Build | House |
| 9:17 | Build | House |
| 9:26 | Create | Villager (Male) |
| 9:35 | Create | Scout Cavalry |
| 9:56 | Create | Scout Cavalry |
| 9:57 | Create | Villager (Male) |
| 10:17 | Create | Villager (Male) |
| 10:23 | Build | Farm |
| 10:25 | Build | Farm |
| 10:50 | Create | Villager (Male) |
| 10:55 | Build | Watch Tower |
| 11:04 | Create | Villager (Male) |
| 11:08 | Build | Blacksmith |
| 11:11 | Build | Farm |
| 11:12 | Create | Villager (Male) |
| 11:20 | Build | Mill |
| 11:56 | Build | Watch Tower |
| 11:59 | Create | Villager (Male) |
| 12:10 | Build | House |
| 12:16 | Create | Villager (Male) |
| 12:22 | Build | Mining Camp |
| 12:22 | Create | Villager (Male) |
| 12:36 | Build | Watch Tower |
| 12:40 | Create | Villager (Male) |
| 12:44 | Create | Scout Cavalry |
| 13:03 | Build | Farm |
| 13:03 | Create | Villager (Male) |
| 13:16 | Create | Villager (Male) |
| 13:49 | Create | Scout Cavalry |
| 14:14 | Build | Palisade Wall |
| 14:16 | Build | Palisade Wall |
| 14:20 | Build | Palisade Wall |
| 14:20 | Build | Palisade Wall |
| 14:21 | Build | Palisade Wall |
| 14:21 | Build | Palisade Wall |
| 14:21 | Build | Palisade Wall |
| 14:22 | Build | Palisade Wall |
| 14:23 | Build | Palisade Wall |
| 14:30 | Create | Villager (Male) |
| 14:32 | Build | Mining Camp |
| 14:33 | Create | Villager (Male) |
| 14:58 | Create | Villager (Male) |
| 15:00 | Build | Farm |
| 15:01 | Build | Farm |
| 15:02 | Build | Farm |
| 15:08 | Build | House |
| 15:27 | Create | Villager (Male) |
| 15:33 | Build | Farm |
| 15:33 | Build | Farm |
| 15:35 | Create | Villager (Male) |
| 15:54 | Build | Watch Tower |
| 16:09 | Create | Villager (Male) |
| 16:22 | Build | Farm |
| 16:33 | Build | House |
| 17:01 | Research | Castle Age |
| 17:20 | Research | Fletching |
| 17:21 | Create | Villager (Male) |
| 17:23 | Build | Archery Range |
| 17:36 | Build | Watch Tower |
| 18:03 | Create | Villager (Male) |
| 18:30 | Create | Skirmisher |
| 18:31 | Create | Skirmisher |
| 18:32 | Build | Archery Range |
| 19:16 | Create | Skirmisher |
| 19:43 | Age | Castle Age |
| 19:46 | Create | Skirmisher |
| 19:46 | Create | Skirmisher |
| 19:48 | Research | Bodkin Arrow |
| 19:48 | Research | Bodkin Arrow |
| 19:57 | Research | Elite Skirmisher (upgrade) |
| 20:07 | Build | University |
| 20:18 | Create | Skirmisher |
| 20:19 | Create | Skirmisher |
| 20:27 | Build | House |
| 20:27 | Build | House |
| 20:34 | Create | Villager (Male) |
| 20:37 | Create | Skirmisher |
| 20:37 | Create | Skirmisher |
| 21:07 | Research | Padded Archer Armor |
| 21:07 | Research | Padded Archer Armor |
| 21:07 | Create | Skirmisher |
| 21:08 | Create | Skirmisher |
| 21:08 | Create | Villager (Male) |
| 21:31 | Create | Villager (Male) |
| 21:32 | Create | Skirmisher |
| 21:34 | Create | Skirmisher |
| 21:36 | Create | Villager (Male) |
| 21:37 | Build | Farm |
| 21:38 | Build | Farm |
| 21:40 | Build | House |
| 21:41 | Build | House |
| 21:51 | Create | Skirmisher |
| 22:03 | Research | Bow Saw |
| 22:06 | Create | Skirmisher |
| 22:06 | Create | Skirmisher |
| 22:30 | Create | Villager (Male) |
| 22:34 | Build | House |
| 22:35 | Build | House |
| 22:35 | Build | House |
| 22:36 | Build | House |
| 22:57 | Create | Villager (Male) |
| 23:02 | Research | Ballistics |
| 23:12 | Research | Leather Archer Armor |
| 23:19 | Create | Villager (Male) |
| 23:24 | Create | Villager (Male) |
| 23:51 | Create | Villager (Male) |
| 23:55 | Create | Villager (Male) |
| 23:59 | Build | Town Center |
| 24:02 | Create | Skirmisher |
Build order — 北冥有鲲
First 150 of 421 actions detected
| 0:02 | Research | Loom |
| 0:04 | Build | House |
| 0:06 | Build | House |
| 0:12 | Build | House |
| 0:26 | Create | Villager (Male) |
| 0:26 | Create | Villager (Male) |
| 0:26 | Create | Villager (Male) |
| 0:26 | Create | Villager (Male) |
| 1:25 | Create | Villager (Male) |
| 1:49 | Create | Villager (Male) |
| 2:16 | Create | Villager (Male) |
| 2:27 | Build | Lumber Camp |
| 2:49 | Create | Villager (Male) |
| 3:16 | Create | Villager (Male) |
| 3:16 | Create | Villager (Male) |
| 3:51 | Create | Villager (Male) |
| 3:55 | Build | House |
| 4:18 | Create | Villager (Male) |
| 4:18 | Create | Villager (Male) |
| 4:19 | Create | Villager (Male) |
| 5:05 | Create | Villager (Male) |
| 5:05 | Create | Villager (Male) |
| 5:05 | Create | Villager (Male) |
| 5:17 | Create | Villager (Male) |
| 5:58 | Build | Mill |
| 6:11 | Build | House |
| 6:55 | Build | Mining Camp |
| 7:40 | Build | Mining Camp |
| 7:53 | Research | Feudal Age |
| 8:21 | Build | House |
| 8:23 | Build | Palisade Wall |
| 8:24 | Build | Palisade Wall |
| 8:28 | Build | Palisade Wall |
| 8:31 | Build | Palisade Wall |
| 8:32 | Build | Palisade Wall |
| 8:32 | Build | Palisade Wall |
| 8:38 | Build | Palisade Wall |
| 8:40 | Build | Palisade Gate |
| 8:42 | Build | Palisade Wall |
| 8:44 | Build | Palisade Wall |
| 8:47 | Build | Palisade Wall |
| 8:50 | Create | Villager (Male) |
| 8:53 | Build | Palisade Wall |
| 8:54 | Build | Palisade Wall |
| 8:55 | Build | Palisade Wall |
| 8:59 | Build | Palisade Wall |
| 9:50 | Build | Palisade Wall |
| 9:52 | Build | Palisade Wall |
| 9:55 | Build | Palisade Wall |
| 9:58 | Build | Palisade Wall |
| 10:07 | Age | Feudal Age |
| 10:10 | Create | Villager (Male) |
| 10:34 | Build | Market |
| 10:42 | Create | Villager (Male) |
| 11:20 | Build | Watch Tower |
| 11:35 | Create | Villager (Male) |
| 11:55 | Create | Villager (Male) |
| 12:02 | Build | Watch Tower |
| 12:21 | Create | Villager (Male) |
| 12:41 | Build | Blacksmith |
| 12:47 | Research | Town Watch |
| 13:05 | Build | Palisade Wall |
| 13:12 | Research | Castle Age |
| 13:12 | Research | Castle Age |
| 14:23 | Research | Double-Bit Axe |
| 14:24 | Research | Horse Collar |
| 14:24 | Research | Horse Collar |
| 15:07 | Build | Farm |
| 15:08 | Build | Farm |
| 15:12 | Build | Farm |
| 15:27 | Build | Farm |
| 15:29 | Build | Farm |
| 15:34 | Create | Villager (Male) |
| 15:56 | Age | Castle Age |
| 15:58 | Build | Farm |
| 16:01 | Create | Villager (Male) |
| 16:15 | Build | Farm |
| 16:38 | Build | House |
| 16:51 | Create | Villager (Male) |
| 17:04 | Create | Villager (Male) |
| 17:15 | Build | House |
| 17:15 | Build | House |
| 17:32 | Build | Castle |
| 17:34 | Create | Villager (Male) |
| 17:44 | Create | Villager (Male) |
| 17:53 | Create | Villager (Male) |
| 18:08 | Build | Town Center |
| 18:34 | Build | Farm |
| 18:48 | Create | Conquistador |
| 18:48 | Create | Conquistador |
| 18:57 | Build | Farm |
| 19:08 | Build | House |
| 19:14 | Build | Palisade Wall |
| 19:15 | Build | Palisade Wall |
| 19:29 | Build | Palisade Wall |
| 19:31 | Build | Palisade Wall |
| 19:47 | Create | Conquistador |
| 20:15 | Create | Villager (Male) |
| 20:52 | Create | Villager (Male) |
| 21:06 | Build | Farm |
| 21:16 | Create | Conquistador |
| 21:27 | Build | Farm |
| 21:37 | Build | Farm |
| 21:41 | Build | Farm |
| 21:49 | Create | Villager (Male) |
| 21:49 | Create | Villager (Male) |
| 21:59 | Build | Farm |
| 22:06 | Create | Villager (Male) |
| 22:06 | Create | Villager (Male) |
| 22:26 | Create | Villager (Male) |
| 22:28 | Build | Farm |
| 22:31 | Create | Conquistador |
| 22:31 | Create | Conquistador |
| 22:45 | Create | Villager (Male) |
| 22:46 | Create | Villager (Male) |
| 23:03 | Create | Villager (Male) |
| 23:17 | Create | Villager (Male) |
| 23:26 | Build | Lumber Camp |
| 23:55 | Create | Villager (Male) |
| 23:55 | Create | Villager (Male) |
| 24:07 | Build | Siege Workshop |
| 24:14 | Create | Villager (Male) |
| 24:15 | Create | Villager (Male) |
| 24:29 | Build | Farm |
| 24:43 | Create | Villager (Male) |
| 24:49 | Create | Mangonel |
| 24:55 | Build | Farm |
| 25:03 | Create | Villager (Male) |
| 25:28 | Create | Villager (Male) |
| 25:40 | Build | Farm |
| 25:41 | Build | Farm |
| 25:47 | Build | Farm |
| 25:48 | Build | Farm |
| 25:54 | Build | Farm |
| 26:06 | Create | Villager (Male) |
| 26:14 | Create | Villager (Male) |
| 26:14 | Create | Villager (Male) |
| 26:14 | Create | Villager (Male) |
| 26:19 | Build | Monastery |
| 26:27 | Create | Mangonel |
| 26:31 | Create | Conquistador |
| 27:01 | Create | Villager (Male) |
| 27:07 | Create | Villager (Male) |
| 27:07 | Create | Villager (Male) |
| 27:08 | Create | Villager (Male) |
| 27:13 | Create | Missionary |
| 27:20 | Create | Villager (Male) |
| 27:22 | Build | Lumber Camp |
| 27:33 | Create | Villager (Male) |
| 27:34 | Create | Villager (Male) |
Match timeline
| 1:50 | DK | Mauseren · wall_segment Palisade Wall x1 |
| 7:43 | DK | Mauseren · first_building Barracks |
| 8:17 | DK | Mauseren · age_up feudal |
| 8:23 | 北冥有鲲 · wall_segment Palisade Wall x1 |
| 8:24 | 北冥有鲲 · wall_segment Palisade Wall x1 |
| 8:28 | 北冥有鲲 · wall_segment Palisade Wall x1 |
| 8:31 | 北冥有鲲 · wall_segment Palisade Wall x1 |
| 8:32 | 北冥有鲲 · wall_segment Palisade Wall x1 |
| 8:32 | 北冥有鲲 · wall_segment Palisade Wall x1 |
| 8:35 | DK | Mauseren · first_building Stable |
| 8:38 | 北冥有鲲 · wall_segment Palisade Wall x5 |
| 8:42 | 北冥有鲲 · wall_segment Palisade Wall x1 |
| 8:44 | 北冥有鲲 · wall_segment Palisade Wall x3 |
| 8:47 | 北冥有鲲 · wall_segment Palisade Wall x5 |
| 8:53 | 北冥有鲲 · wall_segment Palisade Wall x1 |
| 8:54 | 北冥有鲲 · wall_segment Palisade Wall x1 |
| 8:55 | 北冥有鲲 · wall_segment Palisade Wall x1 |
| 8:59 | 北冥有鲲 · wall_segment Palisade Wall x10 |
| 9:50 | 北冥有鲲 · wall_segment Palisade Wall x1 |
| 9:52 | 北冥有鲲 · wall_segment Palisade Wall x1 |
| 9:55 | 北冥有鲲 · wall_segment Palisade Wall x1 |
| 9:58 | 北冥有鲲 · wall_segment Palisade Wall x1 |
| 10:07 | 北冥有鲲 · age_up feudal |
| 13:05 | 北冥有鲲 · wall_segment Palisade Wall x1 |
| 14:14 | DK | Mauseren · wall_segment Palisade Wall x1 |
| 14:16 | DK | Mauseren · wall_segment Palisade Wall x1 |
| 14:20 | DK | Mauseren · wall_segment Palisade Wall x1 |
| 14:20 | DK | Mauseren · wall_segment Palisade Wall x1 |
| 14:21 | DK | Mauseren · wall_segment Palisade Wall x1 |
| 14:21 | DK | Mauseren · wall_segment Palisade Wall x1 |
| 14:21 | DK | Mauseren · wall_segment Palisade Wall x2 |
| 14:22 | DK | Mauseren · wall_segment Palisade Wall x1 |
| 14:23 | DK | Mauseren · wall_segment Palisade Wall x1 |
| 15:56 | 北冥有鲲 · age_up castle |
| 17:03 | 北冥有鲲 · first_market_buy 100 stone |
| 17:23 | DK | Mauseren · first_building Archery Range |
| 17:32 | 北冥有鲲 · first_building Castle |
| 19:14 | 北冥有鲲 · wall_segment Palisade Wall x1 |
| 19:15 | 北冥有鲲 · wall_segment Palisade Wall x1 |
| 19:29 | 北冥有鲲 · wall_segment Palisade Wall x1 |
| 19:31 | 北冥有鲲 · wall_segment Palisade Wall x1 |
| 19:43 | DK | Mauseren · age_up castle |
| 24:07 | 北冥有鲲 · first_building Siege Workshop |
| 26:19 | 北冥有鲲 · first_building Monastery |
| 28:52 | 北冥有鲲 · first_building Barracks |
| 30:09 | DK | Mauseren · first_building Monastery |
| 32:54 | 北冥有鲲 · first_building Stable |
| 35:02 | DK | Mauseren · first_market_sell 100 food |
| 35:26 | DK | Mauseren · first_building Castle |
| 38:14 | DK | Mauseren · age_up imperial |
| 39:56 | DK | Mauseren · first_building Siege Workshop |
| 41:25 | 北冥有鲲 · age_up imperial |
| 42:41 | 北冥有鲲 · first_market_sell 100 food |
| 44:35 | DK | Mauseren · first_market_buy 100 stone |
| 47:58 | 北冥有鲲 · resign |
[ AI ANALYSIS · 1 CREDIT ]
What really happened in this match?
Wolo.gg analyzes every decision: build order, eco, micro, common mistakes by bracket. Personalized analysis on WhatsApp or Discord in 30 seconds.
Civ guide
Jurchens
Perfil
Jugador #10840748